 Dungeon Crawl Stone Soup version 0.29.1-2-gbd0b4ee654 (webtiles) character file.

Game seed: 2571899966726113819

73915 Lutefisk the Zephyrmancer (level 15, -5/92 HPs)
             Began as a Tengu Air Elementalist on Oct 29, 2022.
             Was a High Priest of Sif Muna.
             Shot with an arrow by a centaur (15 damage)
             ... led by a centaur warrior
             ... on level 15 of the Dungeon.
             The game lasted 02:01:59 (13375 turns).

Lutefisk the Zephyrmancer (Tengu Air Elementalist) Turns: 13375, Time: 02:02:00

Health: -5/92      AC: 15    Str:  8    XL:     15   Next: 45%
Magic:  10/30      EV: 15    Int: 22    God:    Sif Muna [*****.]
Gold:   1580       SH: 17    Dex: 16    Spells: 10/34 levels left

rFire   + . .      SeeInvis .   W - staff of air
rCold   + + .      Faith    .   d - +0 kite shield
rNeg    . . .      Spirit   .   u - +3 ring mail of the Dice {rPois Will- Slay+5}
rPois   +          Reflect  +   T - +2 hat
rElec   +          Harm     .   v - scarf {rC+ rF+}
rCorr   +          Rampage  .   K - +2 pair of gloves {hurl}
Will    .....                   (boots unavailable)
Stlth   ++........              A - amulet of reflection
HPRegen 0.25/turn               F - ring of resist corrosion
MPRegen 0.22/turn               Y - ring of protection from cold

@: flying quickly and evasively, quick
A: beak, talons 3, nimble flight
a: Renounce Religion, Channel Magic, Forget Spell, Divine Exegesis


You were on level 15 of the Dungeon.
You worshipped Sif Muna.
Sif Muna was extremely pleased with you.
You visited 3 branches of the dungeon, and saw 21 of its levels.
You visited the Abyss 1 time.
You also visited: Sewer, Bailey and Volcano.

You collected 1608 gold pieces.
You spent 28 gold pieces at shops.

Inventory:

Hand Weapons
 h - a +5 scimitar of flaming
 N - the +10 falchion of Beogh's Brutal Revenge {vorpal, Dex+3}
   (You found it on level 9 of the Dungeon)

   It inflicts extra damage upon your enemies.
   Dex:       It affects your dexterity (+3).
 P - the +5 dagger of Gravity {protect, rPois}
   (You found it on level 4 of the Lair of Beasts)

   It grants its wielder temporary protection when it strikes (+7 to AC).
   rPois:     It protects you from poison.
Missiles
 C - 4 curare-tipped darts (quivered)
 V - 2 throwing nets
 X - 3 silver javelins
Armour
 d - a +0 kite shield (worn)
 g - a scarf of shadows
 u - the +3 ring mail of the Dice (worn) {rPois Will- Slay+5}
   (You found it on level 5 of the Dungeon)

   Slay:      It affects your accuracy & damage with ranged weapons and melee
   (+5).
   rPois:     It protects you from poison.
   Will:      It decreases your willpower.
 v - a scarf of resistance (worn)
 K - a +2 pair of gloves of hurling (worn)
 T - a +2 hat (worn)
Magical Staves
 W - a staff of air (weapon)
Jewellery
 A - an amulet of reflection (around neck)
 F - a ring of resist corrosion (left hand)
 I - an amulet of the acrobat
 Q - the amulet of Wyureh {Spirit Harm +Blink rPois Dex-2}
   (You found it on level 10 of the Dungeon)

   [amulet of guardian spirit]

   It causes incoming damage to be divided between your reserves of health and
   magic.
   Dex:       It affects your dexterity (-2).
   rPois:     It protects you from poison.
   +Blink:    It lets you blink.
   Harm:      It increases damage dealt and taken.
 Y - a ring of protection from cold (right hand)
Wands
 e - a wand of charming (10)
 q - a wand of polymorph (18)
 z - a wand of flame (15)
 B - a wand of digging (5)
 L - a wand of iceblast (11)
 R - a wand of quicksilver (6)
 S - a wand of mindburst (8)
Scrolls
 c - 2 scrolls of amnesia
 f - 3 scrolls of enchant armour
 i - a scroll of torment
 m - 3 scrolls of immolation
 r - 2 scrolls of magic mapping
 s - 3 scrolls of teleportation
 y - 3 scrolls of blinking
 E - 2 scrolls of poison {unknown}
 M - 3 scrolls of fog
 O - 6 scrolls of vulnerability
 U - 3 scrolls of silence {unknown}
 Z - a scroll of enchant weapon
Potions
 a - 7 potions of resistance
 b - 3 potions of magic
 j - 4 potions of heal wounds
 k - 11 potions of curing
 l - 5 potions of ambrosia
 o - 7 potions of brilliance
 p - a potion of degeneration {unknown}
 t - 3 potions of mutation
 w - 2 potions of berserk rage
 x - 3 potions of cancellation
 D - a potion of invisibility {unknown}
 G - 5 potions of might {unknown}
Miscellaneous
 n - a phantom mirror
 H - a box of beasts
 J - a lightning rod (4/4)


   Skills:
 - Level 10.0 Fighting
 - Level 6.0 Staves
 - Level 10.0 Armour
 - Level 10.0 Dodging
 - Level 4.3 Stealth
 - Level 10.0 Shields
 - Level 10.0 Spellcasting
 * Level 9.2 Conjurations
 - Level 2.0 Summonings
 - Level 2.0 Ice Magic
 * Level 14.1 Air Magic
 - Level 6.0 Invocations
 - Level 6.0 Evocations


You had 10 spell levels left.
You knew the following spells:

 Your Spells              Type           Power      Damage    Failure   Level
a - Shock                 Conj/Air       100%       1d9       1%          1
b - Static Discharge      Conj/Air       76%        3-13/arc  1%          2
c - Swiftness             Air            83%        N/A       1%          3
d - Airstrike             Air            41%        2d(6-22)  1%          4
e - Summon Lightning Spi  Summ/Air       62%        N/A       12%         4
f - Lightning Bolt        Conj/Air       38%        1d56      8%          5
g - Freezing Cloud        Conj/Ice/Air   32%        6-21      28%         5

Your spell library contained the following spells:

 Spells                   Type           Power      Damage    Failure   Level
 Poisonous Vapours        Pois/Air       100%       N/A       2%          2
 Mephitic Cloud           Conj/Pois/Air  61%        N/A       4%          3
 Summon Small Mammal      Summ           76%        N/A       14%         1
 Dazzling Flash           Conj/Hex       62%        N/A       14%         3
 Iskenderun's Battlesphe  Conj           51%        2d10      21%         5
 Apportation              Tloc           22%        N/A       32%         1
 Necrotise                Necr           44%        1d6       32%         1
 Ensorcelled Hibernation  Hex/Ice        30%        N/A       32%         2
 Hailstorm                Conj/Ice       35%        3d9       32%         4
 Call Canine Familiar     Summ           19%        N/A       38%         3
 Conjure Ball Lightning   Conj/Air       38%        3x3d12    38%         6
 Silence                  Hex/Air        29%        N/A       45%         5
 Confusing Touch          Hex            11%        N/A       67%         3
 Inner Flame              Hex/Fire       11%        N/A       67%         3
 Portal Projectile        Hex/Tloc       22%        N/A       67%         3
 Spider Form              Tmut/Pois      11%        N/A       67%         3
 Teleport Other           Tloc           11%        N/A       67%         3
 Tukima's Dance           Hex            11%        N/A       67%         3
 Vampiric Draining        Necr           11%        2d6       67%         3
 Fireball                 Conj/Fire      15%        3d8       80%         5
 Irradiate                Conj/Tmut      15%        3d16      80%         5
 Animate Armour           Summ/Erth      30%        N/A       91%         4
 Anguish                  Hex/Necr       5%         N/A       97%         4
 Leda's Liquefaction      Hex/Erth       5%         N/A       97%         4
 Summon Forest            Summ/Tloc      7%         N/A       99%         5
 Orb of Destruction       Conj           25%        9d9       99%         7
 Agony                    Necr           11%        N/A       100%        5
 Blade Hands              Tmut           5%         N/A       100%        5
 Simulacrum               Ice/Necr       7%         N/A       100%        6
 Haunt                    Necr/Summ      7%         N/A       100%        7
 Malign Gateway           Summ/Tloc      7%         N/A       100%        7
 Storm Form               Tmut/Air       29%        N/A       100%        7
 Maxwell's Capacitive Co  Air            41%        ∞         100%        8
 Polar Vortex             Ice            9%         N/A       100%        9


Dungeon Overview and Level Annotations

Branches:
Dungeon (15/15)            Temple (1/1) D:5            Lair (5/5) D:10
 Spider (0/4) Lair:2        Slime (0/5) Lair:5       Depths (0/4) D:15
  Sewer (visited)          Bailey (visited)         Volcano (visited)
  Swamp: Lair:2-3    Shoals: Lair:2-3       Orc: D:9-12      Vaults: D:13-14

Altars:
Ashenzari
Cheibriados
Dithmenos
Elyvilon
Fedhas
Gozag
Hepliaklqana
Kikubaaqudgha
Nemelex Xobeh
Okawaru
Qazlal
Ru
Sif Muna
Trog
Uskayaw
Vehumet
Wu Jian
Yredelemnul
Zin
The Shining One

Shops:
D:8 ?   D:14 (

Annotations:
D:4 Pikel
D:5 Menkaure
D:8 Maggie
D:14 Azrael


Innate Abilities, Weirdness & Mutations

You have a beak for a mouth.
You have claws for feet.
Your magical nature lets you fly swiftly and evasively.


Message History

You reflect the arrow off an invisible shield around you!
The arrow hits the centaur!
The centaur warrior shoots an arrow.
You reflect the arrow off an invisible shield around you!
The arrow hits the centaur warrior!
The centaur shoots an arrow.
You reflect the arrow off an invisible shield around you!
The arrow hits the centaur.
The centaur warrior shoots an arrow.
The arrow hits you!
* * * LOW HITPOINT WARNING * * *
The centaur wields a +3 shortbow.
The centaur shoots an arrow.
The arrow hits you.
* * * LOW HITPOINT WARNING * * *
The centaur shoots an arrow.
You reflect the arrow off an invisible shield around you!
The arrow hits the centaur.
You kill the centaur!
Sif Muna accepts your kill.
The centaur warrior unwields a +0 shortbow.
The centaur warrior hits you!
* * * LOW HITPOINT WARNING * * *
You block the centaur warrior's attack.
The centaur shoots an arrow.
The arrow barely misses you.
You feel much better.
You block the centaur warrior's attack. x2
The centaur shoots an arrow.
The arrow closely misses you.
The centaur wields a +0 shortbow.
The centaur shoots an arrow.
The arrow closely misses you.
The arrow hits the boulder beetle but does no damage.
Unknown command.
Casting: Static Discharge (safe; 1% risk of failure)
Confirm with . or Enter, or press ? or * to list all spells.
You feel a surge of power!
An electric hum fills the air.
You block the centaur warrior's attack. x2; The centaur shoots an arrow.
The arrow barely misses you. The boulder beetle bites you!
* * * LOW HITPOINT WARNING * * *
The centaur shoots an arrow.
The arrow hits you!
* * * LOW HITPOINT WARNING * * *
The centaur warrior hits you but does no damage.
The centaur warrior barely misses you.
The centaur shoots an arrow.
The arrow hits you!
You die...

.####.......# ## ##
##.#....# .##..#
##.##...#####...... ..#
#..................
#.......................
##.###......#...........
>#..........#...8.......
##.................c)...
#.............##@.###..
#..............Bc...c...
................#.#.....
....<..........# ###...#
#...##....#..... ###
##.## ........ #...#
...... ...... .....
.####.# ..


You could see a boulder beetle, a centaur warrior (ally target), 2 centaurs and
a friendly lightning spire (summoned).

Vanquished Creatures
  Gastronok (Lair:1)
  Nessos (Lair:5)
  Josephine (Lair:4)
  4 hydras
  4 boulder beetles
  3 centaur warriors
  An ice dragon (D:15)
  4 catoblepae
  6 two-headed ogres
  Erica (Lair:2)
  A death yak (Lair:5)
  4 skeletal warriors (D:13)
  2 deep elf pyromancers
  2 oklob plants (Lair:5)
  A wizard (D:14)
  4 cyclopes
  4 ugly things (D:14)
  2 manticores
  A salamander (Volcano)
  10 elephants
  A black mamba (Lair:4)
  4 gargoyles
  An unseen horror (D:10)
  A torpor snail (Lair:3)
  6 cane toads
  3 efreet
  2 rime drakes
  A kobold demonologist (D:12)
  5 komodo dragons
  3 meliai (D:14)
  2 trolls (D:12)
  A hornet (shapeshifter) (D:15)
  A polar bear (Lair:5)
  12 blink frogs
  3 dream sheep (Lair:5)
  3 slime creatures
  A culicivora (shapeshifter) (D:8)
  4 wraiths
  A vampire (D:13)
  2 basilisks
  2 fire bats (Volcano)
  3 wyverns
  30 yaks
  5 vampire mosquitoes
  A redback (Lair:2)
  2 steam dragons (D:8)
  2 acid dragons
  4 nameless horrors
  Duvessa (D:6)
  5 hell hounds
  An ice beast (D:7)
  13 water moccasins
  2 black bears
  7 orc warriors
  A sky beast (D:7)
  15 wolves
  11 centaurs
  7 kobold brigands
  16 bullfrogs
  A necrophage (D:6)
  A gnoll sergeant (D:8)
  7 scorpions
  Dowan (D:6)
  9 killer bees
  3 howler monkeys
  A hound (D:6)
  5 orc priests
  7 iguanas
  14 orc wizards
  9 adders
  A worm (D:6)
  2 dart slugs
  38 orcs
  9 ball pythons
  11 bats
  10 endoplasms
  6 giant cockroaches
  6 hobgoblins
  4 jackals (D:4)
  18 kobolds
  3 quokkas
  A frilled lizard (D:1)
  7 goblins
  6 rats
  A butterfly (Lair:5)
423 creatures vanquished.

Vanquished Creatures (collateral kills)
  A fire dragon (D:15)
  A boulder beetle (D:15)
  2 hydras
  A catoblepas (Lair:5)
  5 death yaks
  A skeletal warrior (D:13)
  An ugly thing (D:14)
  2 cyclopes
  A manticore (Lair:5)
  4 elephants
  4 cane toads
  A rime drake (Lair:5)
  An efreet (D:15)
  5 komodo dragons
  A troll (D:13)
  A polar bear (Lair:4)
  3 slime creatures (D:15)
  3 blink frogs
  A dream sheep (Lair:5)
  A wraith (Lair:4)
  3 basilisks
  15 yaks
  2 vampire mosquitoes
  A swamp worm (Lair:3)
  A hell hound (D:14)
  3 water moccasins
  A black bear (Lair:4)
  4 wolves
  A bullfrog (Lair:2)
  4 killer bees
  A howler monkey (D:13)
  An orc priest (D:12)
  2 iguanas (Lair:2)
  An orc (D:12)
80 creatures vanquished.

Vanquished Creatures (others)
  A butterfly (D:3)
  47 fungi
  55 plants
103 creatures vanquished.

Grand Total: 606 creatures vanquished

Notes
Turn   | Place    | Note
-------+----------+-------------------------------------------
     0 | D:1      | Lutefisk the Tengu Air Elementalist began the quest for the
                  | Orb.
     0 | D:1      | Reached XP level 1. HP: 10/10 MP: 4/4
    94 | D:1      | Reached XP level 2. HP: 12/16 MP: 1/6
   119 | D:1      | Found a faded altar of an unknown god.
   124 | D:1      | Reached skill level 1 in Fighting
   310 | D:1      | Reached XP level 3. HP: 17/20 MP: 0/7
   674 | D:3      | Learned a level 2 spell: Static Discharge
   679 | D:3      | Learned a level 3 spell: Swiftness
   685 | D:3      | Found a glowing golden altar of the Shining One.
   714 | D:3      | Found a stormy altar of Qazlal.
   816 | D:4      | Reached XP level 4. HP: 19/26 MP: 2/8
   864 | D:3      | Found a shadowy altar of Dithmenos.
  1021 | D:4      | Reached skill level 5 in Air Magic
  1038 | D:4      | Gained mutation: Your magical nature lets you fly swiftly
                  | and evasively. [Tengu growth]
  1038 | D:4      | Reached XP level 5. HP: 22/32 MP: 2/9
  1141 | D:3      | Found a white marble altar of Elyvilon.
  1197 | D:3      | Found a sparkling altar of Nemelex Xobeh.
  1308 | D:4      | You are sucked into a shaft and drop 2 floors!
  1324 | D:6      | Noticed an orc warrior
  1339 | D:5      | Entered Level 5 of the Dungeon
  1346 | D:5      | Identified the +3 ring mail of the Dice {rPois Will-
                  | Slay+5}
  1367 | D:6      | Reached skill level 1 in Armour
  1369 | D:6      | Reached XP level 6. HP: 38/38 MP: 2/10
  1418 | D:6      | Noticed Duvessa
  1420 | D:6      | Noticed Dowan
  1526 | D:6      | Found a glowing drain.
  1536 | Sewer    | Entered a sewer
  1582 | Sewer    | Noticed a water moccasin
  1585 | Sewer    | Killed a water moccasin
  1672 | D:6      | Killed Duvessa
  1673 | D:6      | Reached skill level 6 in Air Magic
  1673 | D:6      | Reached XP level 7. HP: 29/44 MP: 7/12
  1681 | D:6      | Killed Dowan
  1816 | D:4      | Found an iron altar of Okawaru.
  1852 | D:4      | Reached skill level 5 in Fighting
  1949 | D:4      | Noticed Pikel
  2200 | D:5      | Noticed Menkaure
  2370 | D:5      | Reached XP level 8. HP: 39/49 MP: 5/15
  2374 | D:5      | Found a blossoming altar of Fedhas.
  2401 | D:5      | Found a staircase to the Ecumenical Temple.
  2409 | D:5      | Reached skill level 1 in Evocations
  2412 | Temple   | Entered the Ecumenical Temple
  2465 | Temple   | Became a worshipper of Sif Muna the Loreminder
  2509 | D:5      | Learned a level 4 spell: Airstrike
  2640 | D:6      | Reached skill level 5 in Conjurations
  2791 | D:6      | Reached skill level 7 in Air Magic
  2827 | D:6      | Found a basalt altar of Yredelemnul.
  2828 | D:6      | Found a broken altar of Ashenzari.
  3005 | D:7      | Reached skill level 8 in Air Magic
  3275 | D:7      | Reached skill level 9 in Air Magic
  3361 | D:7      | Reached * piety under Sif Muna
  3390 | D:7      | Reached XP level 9. HP: 48/54 MP: 5/16
  3699 | D:8      | Found Zeuhamud's Magic Scroll Boutique.
  3713 | D:8      | Reached skill level 1 in Invocations
  3723 | D:8      | Bought a scroll of identify for 28 gold pieces
  3777 | D:8      | Found a flagged portal.
  3854 | Bailey   | Entered a bailey
  4033 | Bailey   | Reached skill level 5 in Spellcasting
  4147 | Bailey   | Reached ** piety under Sif Muna
  4349 | Bailey   | Found a burning altar of Makhleb.
  4490 | D:9      | Reached XP level 10. HP: 31/63 MP: 7/18
  4495 | D:8      | Noticed Maggie
  4669 | D:9      | Learned a level 4 spell: Summon Lightning Spire
  4672 | D:9      | Noticed a two-headed ogre
  4693 | D:9      | Killed a two-headed ogre
  4715 | D:9      | Reached skill level 5 in Dodging
  4716 | D:9      | Reached skill level 5 in Armour
  4922 | D:9      | Reached skill level 1 in Shields
  5063 | D:9      | Reached skill level 10 in Air Magic
  5088 | D:9      | Identified the +10 falchion of Beogh's Brutal Revenge
                  | {vorpal, Dex+3}
  5103 | D:9      | Found a hazy altar of Hepliaklqana.
  5104 | D:9      | Found a radiant altar of Vehumet.
  5169 | D:10     | Entered Level 10 of the Dungeon
  5180 | D:10     | Identified the amulet of Wyureh {Spirit Harm +Blink rPois
                  | Dex-2}
  5227 | D:10     | Found a staircase to the Lair.
  5236 | Lair:1   | Entered Level 1 of the Lair of Beasts
  5366 | Lair:1   | Noticed a cane toad
  5383 | Lair:1   | Noticed Gastronok
  5390 | Lair:1   | Noticed a cane toad
  5393 | Lair:1   | Killed a cane toad
  5445 | Lair:1   | Reached skill level 11 in Air Magic
  5505 | Lair:1   | Found a dark tunnel.
  5523 | Volcano  | Entered a volcano
  5536 | Volcano  | Noticed a two-headed ogre
  5538 | Volcano  | Noticed a two-headed ogre
  5545 | Volcano  | Reached XP level 11. HP: 29/67 MP: 9/22
  5586 | Volcano  | Killed a two-headed ogre
  5589 | Volcano  | Killed a two-headed ogre
  5715 | Volcano  | Noticed a salamander
  5715 | Volcano  | Noticed a two-headed ogre
  5722 | Volcano  | Killed a salamander
  5758 | Volcano  | Killed a two-headed ogre
  5759 | Volcano  | Reached skill level 5 in Shields
  5759 | Volcano  | Reached skill level 12 in Air Magic
  6129 | Lair:1   | Reached *** piety under Sif Muna
  6321 | Lair:1   | Noticed a boulder beetle
  6340 | Lair:1   | Killed a boulder beetle
  6465 | Lair:1   | Killed Gastronok
  6466 | Lair:1   | Reached XP level 12. HP: 42/73 MP: 8/23
  6500 | Lair:2   | Found a hole to the Spider Nest.
  6784 | Lair:2   | Noticed Erica
  7096 | Lair:2   | Killed Erica
  7096 | Lair:2   | Reached **** piety under Sif Muna
  7293 | Lair:3   | Noticed a death yak
  7293 | Lair:3   | Noticed a death yak
  7293 | Lair:3   | Noticed a death yak
  7295 | Lair:3   | Noticed a death yak
  7295 | Lair:3   | Noticed a death yak
  7314 | Lair:3   | Noticed a catoblepas
  7324 | Lair:3   | Killed a catoblepas
  7528 | Lair:3   | Identified the +10 falchion "Laabia" {vorpal, Str+4}
  7854 | Lair:3   | Killed a death yak
  7855 | Lair:3   | Reached XP level 13. HP: 61/80 MP: 15/26
  8005 | Lair:4   | Reached skill level 5 in Evocations
  8084 | Lair:4   | Reached skill level 5 in Invocations
  8126 | Lair:4   | Identified the +5 dagger of Gravity {protect, rPois}
  8385 | Lair:5   | Entered Level 5 of the Lair of Beasts
  8388 | Lair:5   | Noticed Josephine
  8398 | Lair:4   | Reached ***** piety under Sif Muna
  8450 | Lair:5   | Noticed Nessos
  8451 | Lair:5   | Received a gift from Sif Muna
  8452 | Lair:5   | Got Sif Muna's Joy of Wizarding {god gift}
  8746 | Lair:5   | Found a staircase to the Slime Pits.
  8931 | Lair:5   | Reached skill level 13 in Air Magic
  9326 | Lair:4   | Killed Josephine
  9353 | Lair:5   | Killed Nessos
  9354 | Lair:5   | Reached skill level 10 in Spellcasting
  9456 | Lair:5   | Reached XP level 14. HP: 65/86 MP: 11/29
 10240 | Lair:5   | Reached skill level 10 in Fighting
 10346 | Lair:5   | Reached skill level 10 in Armour
 10371 | Lair:5   | Got Muyce Vick's Disquisition on Transformation and Snow
 10781 | D:10     | Found an ancient bone altar of Kikubaaqudgha.
 11121 | D:11     | Reached skill level 1 in Staves
 11171 | D:11     | Received a gift from Sif Muna
 11176 | D:11     | Got Sif Muna's Directory of Breath and Adjuration {god
                  | gift}
 11856 | D:12     | Reached skill level 10 in Dodging
 12347 | D:13     | Reached XP level 15. HP: 43/92 MP: 1/30
 12358 | D:13     | Learned a level 5 spell: Lightning Bolt
 12471 | D:13     | Reached skill level 10 in Shields
 12608 | D:13     | Reached skill level 5 in Staves
 12664 | D:14     | Found Yshul's Weapon Emporium.
 12866 | D:14     | Learned a level 5 spell: Freezing Cloud
 12898 | D:14     | Noticed Azrael
 13115 | Abyss:3  | Cast into level 3 of the Abyss (a wizard)
 13144 | D:14     | Escaped the Abyss
 13168 | D:15     | Entered Level 15 of the Dungeon
 13195 | D:15     | Reached skill level 1 in Ice Magic
 13237 | D:15     | Found a staircase to the Depths.
 13316 | D:15     | Reached skill level 14 in Air Magic
 13326 | D:15     | Received a gift from Sif Muna
 13327 | D:15     | Got Sif Muna's Omnibus of Conduction {god gift}
 13375 | D:15     | Shot with an arrow by a centaur

Illustrated notes

Levels and vault maps discovered:
D:1:      dpeg_arrival_oval, layout_rooms,
          shapermc_ecumenical_altar_starsandcircs
D:2:      layout_rooms
D:3:      layout_basic, nicolae_elyvilon_peaceful_grove, grunt_qazlal_sundering,
          lemuel_tele_altar, lemuel_crystal_altar,
          nicolae_overflow_crystal_walls
D:4:      layout_loops_ring, mainiacjoe_overflow_alcove_4, serial_rivers,
          chequers_serial_rivers_large_a, chequers_serial_rivers_small_b,
          chequers_serial_rivers_small_3, chequers_serial_rivers_micro_a,
          uniq_pikel
D:5:      layout_rooms, general_overflow_altar, minmay_temple_entry_overgrown,
          grunt_decor_resistance, kennysheep_generic_room_14, uniq_menkaure
D:6:      layout_loops_ring, jmf_multi_god_temple, gup_sewer_entry_bubbles,
          uniq_duvessa
D:7:      layout_basic
D:8:      layout_cave_pods, serial_shops, shop, special_room [special_room_orc],
          enter_bailey_5, chequers_decorated_corner, grunt_tough_drop,
          uniq_maggie
D:9:      layout_grid_maze, grunt_temple_overflow_champion_of_chaos,
          gammafunk_temple_overflow_statue, orc_0_dummy
D:10:     layout_roguey, kiku_gazebo_garden_becter,
          grunt_lair_entry_orc_guard_hut
D:11:     layout_rooms
D:12:     minmay_the_grid_triangle_9x9_recursive_3
          [minmay_the_grid_triangle_9x9_steps,
          minmay_the_grid_triangle_9x9_wacky_v,
          minmay_the_grid_triangle_9x9_odd_lines,
          minmay_the_grid_triangle_9x9_prize_top_heavy,
          minmay_the_grid_triangle_9x9_empty,
          minmay_the_grid_triangle_9x9_corrupted_corridor,
          minmay_the_grid_triangle_9x9_flanged_cone,
          minmay_the_grid_triangle_9x9_dagger,
          minmay_the_grid_triangle_9x9_limited_checkers], layout_rooms,
          serial_rivers, chequers_serial_rivers_marsh,
          chequers_serial_rivers_micro_b, chequers_serial_rivers_micro_e,
          chequers_serial_rivers_micro_a, chequers_serial_rivers_room_b,
          chequers_serial_rivers_micro_a
D:13:     layout_long_grid
D:14:     layout_rooms, david_vaults_1, serial_shops, nicolae_shop_waterfront,
          nicolae_ru_sacrificial_ziggurat, uniq_azrael
D:15:     grunt_enter_depths_hoard, layout_cave_pools,
          minmay_guarded_unrand_resistance
Temple:   nicolae_temple_colour_theory
Lair:1:   layout_chaotic_city, nicolae_volcano_entry_hallway, uniq_gastronok
Lair:2:   beast_lair_carwin_large_1, layout_chaotic_city,
          spider_nest_entry_webs, uniq_erica
Lair:3:   layout_roguey, nicolae_swamp_entry_splash_gauntlet, st_stairs_7,
          worms_lemuel
Lair:4:   layout_cave_shapes, minmay_stone_trees_small, minivault_19,
          grunt_megastairs_1, infiniplex_staircase_pool_2
Lair:5:   evilmike_catoblepas_cave, layout_gridlike,
          minmay_slime_entry_oklob_open, grunt_forest_small_clearings,
          lemuel_fruit_fields, uniq_nessos, uniq_josephine

Skill      XL: |  1  2  3  4  5  6  7  8  9 10 11 12 13 14 15 |
---------------+----------------------------------------------+-----
Conjurations   | 2 3 4 5 7 9 |  9.2
Fighting       | 1 2 3 4 5 7 8 9 10 | 10.0
Air Magic      | 5 6 9 11 12 13 14 | 14.1
Armour         | 1 2 3 4 5 7 9 10 | 10.0
Spellcasting   | 3 4 5 6 7 8 10 | 10.0
Dodging        | 3 4 5 7 9 10 | 10.0
Evocations     | 2 3 5 6 |  6.0
Stealth        | 3 4 |  4.3
Invocations    | 2 3 5 6 |  6.0
Summonings     | 2 |  2.0
Shields        | 4 5 8 9 10 | 10.0
Staves         | 4 6 |  6.0
Ice Magic      | 2 |  2.0

Action                   |  1- 3 |  4- 6 |  7- 9 | 10-12 | 13-15 || total
-------------------------+-------+-------+-------+-------+-------++-------
Melee: Unarmed           |     9 |       |       |       |       ||     9
       Kick              |     5 |     4 |    15 |    55 |   128 ||   207
       Peck              |     5 |     6 |     8 |    28 |    90 ||   137
       Club              |     5 |       |       |       |       ||     5
       Quarterstaff      |    16 |    34 |    50 |     5 |       ||   105
       Falchion          |       |       |       |   119 |   169 ||   288
       War axe           |       |       |       |     5 |       ||     5
       Scimitar          |       |       |       |       |    16 ||    16
       Staff             |       |       |       |       |   130 ||   130
Throw: Dart              |       |       |     4 |    65 |    38 ||   107
       Javelin           |       |       |       |       |     3 ||     3
 Cast: Shock             |    45 |    64 |   132 |    69 |    68 ||   378
       Static Discharge  |     1 |     1 |    33 |    48 |    64 ||   147
       Airstrike         |       |       |     9 |    20 |    59 ||    88
       Summon Lightning  |       |       |       |    34 |    95 ||   129
       Swiftness         |       |       |       |     2 |     3 ||     5
       Lightning Bolt    |       |       |       |       |     5 ||     5
Evoke: Wand              |       |     4 |     4 |     4 |     3 ||    15
       Box of beasts     |       |       |       |     1 |       ||     1
  Use: Scroll            |       |     1 |     5 |     8 |    13 ||    27
       Potion            |       |       |     2 |     2 |     2 ||     6
 Stab: Distracted        |       |       |       |     4 |    14 ||    18
       Petrified         |       |       |       |     1 |     2 ||     3
       Sleeping          |       |       |       |       |     2 ||     2
Armor: Robe              |     7 |    15 |     2 |       |       ||    24
       Ring mail         |       |       |    27 |    55 |   130 ||   212
Dodge: Dodged            |    23 |    44 |    98 |   105 |   168 ||   438
Block: Other             |       |       |    18 |     1 |       ||    19
       Reflection        |       |       |     3 |     2 |    21 ||    26
       Buckler           |       |       |       |   102 |   105 ||   207
       Kite shield       |       |       |       |       |   148 ||   148
